 Dungeon Crawl Stone Soup version 0.28-a0-32-g8dfe7f97f6 (webtiles) character file.

Game seed: 235996056338072611

112 willcat the Sneak (level 5, -2/32 HPs)
             Began as a Kobold Delver on July 27, 2021.
             Shot with an arrow by a centaur (9 damage)
             ... on level 6 of the Dungeon.
             The game lasted 00:00:39 (370 turns).

willcat the Sneak (Kobold Delver)                    Turns: 370, Time: 00:00:40

Health: -2/32      AC:  3    Str:  9    XL:     5   Next: 16%
Magic:  5/5        EV: 15    Int: 12    God:
Gold:   12         SH:  0    Dex: 17    Spells: 4/4 levels left

rFire   . . .      SeeInvis .   a - +0 short sword
rCold   . . .      Faith    .   (shield restricted)
rNeg    . . .      Spirit   .   b - +0 leather armour
rPois   .          Reflect  .   (no helmet)
rElec   .          Harm     .   (no cloak)
rCorr   .          Rampage  .   (no gloves)
Will    .....                   (no boots)
Stlth   +++++.....              (no amulet)
HPRegen 0.10/turn               (no ring)
MPRegen 0.09/turn               (no ring)

@: no status effects
A: small, no large weapons, nightstalker 3
a: no special abilities


You were on level 6 of the Dungeon.
You visited 1 branch of the dungeon, and saw 2 of its levels.

You collected 12 gold pieces.

Inventory:

Hand Weapons
 a - a +0 short sword (weapon)
Armour
 b - a +0 leather armour (worn)
Wands
 g - a wand of digging (3)
Scrolls
 c - a scroll of fog
 d - a scroll of magic mapping
 e - a scroll of fear
Potions
 f - a potion of haste


   Skills:
 - Level 3.2 Fighting
 + Level 4.3 Short Blades
 + Level 3.9 Dodging
 + Level 7.6 Stealth


You had 4 spell levels left.
You didn't know any spells.
Your spell library was empty.

Dungeon Overview and Level Annotations

Branches:
Dungeon (6/15)
 Temple: D:4-7

Altars:


Innate Abilities, Weirdness & Mutations

You are small and have problems with some larger weapons.
You are completely attuned to the shadows.


Message History

The centaur skeleton closely misses you.
The centaur skeleton misses you. The centaur skeleton barely misses you.
You completely miss the centaur skeleton.
The centaur skeleton is almost destroyed.
The centaur skeleton hits you.
* * * LOW HITPOINT WARNING * * *
The centaur skeleton misses you.
You hit the centaur skeleton.
The centaur skeleton is almost destroyed.
The centaur skeleton misses you. The centaur skeleton barely misses you.
You hit the centaur skeleton.
You destroy the centaur skeleton!
You have reached level 5!
You feel clever.
You start resting.
HP restored.
Unknown command.
You see here a howler monkey skeleton.
You see here an iguana skeleton.
You now have 12 gold pieces.
An orc comes into view. It is wielding a +0 flail.
An orc is nearby!
An orc comes into view. It is wielding a +0 flail.
The orc moves out of view.
An orc priest comes into view. It is wielding a +0 club.
The orc priest shouts!
The orc shouts! x2; You hear a shout! x2
The orc priest invokes the aid of Beogh against you.
Beogh smites you! The orc hits you with a +0 flail.
An orc comes into view. It is wielding a +0 short sword.
The orc priest mumbles some strange prayers to Beogh against you.
Beogh smites you!
* * * LOW HITPOINT WARNING * * *
You hear a shout!
There is an open door here.
The orc closely misses you.
A centaur comes into view.
The centaur shouts!
The centaur wields a +0 shortbow.
The centaur shoots an arrow.
The arrow hits you!
You die...

#.#.# #.#.#
#.#.########
#.#.........#
#.#..o........
#.#...........
#.#....o......
#.#...........
#.#......@....
#<#...........
###.....c.....
####.....#
#.....#


You could see a centaur and 2 orcs.

Vanquished Creatures
  A howler monkey (D:6)
  A centaur skeleton (D:6)
  An iguana (D:6)
  2 adders (D:6)
5 creatures vanquished.

Notes
Turn   | Place    | Note
-------+----------+-------------------------------------------
     0 | D:5      | willcat the Kobold Delver began the quest for the Orb.
     0 | D:5      | Reached XP level 1. HP: 14/14 MP: 1/1
     3 | D:6      | Reached XP level 2. HP: 19/19 MP: 2/2
     6 | D:5      | Noticed a phantom
    22 | D:6      | Reached skill level 7 in Stealth
    22 | D:6      | Reached XP level 3. HP: 23/23 MP: 3/3
    75 | D:6      | Reached XP level 4. HP: 19/28 MP: 4/4
    96 | D:6      | Reached XP level 5. HP: 9/32 MP: 5/5
   369 | D:6      | Noticed a centaur
   370 | D:6      | Shot with an arrow by a centaur

Illustrated notes

Levels and vault maps discovered:
D:5:      layout_cave_pools, minmay_temple_entry_butterflies, st_stairs_7,
          uniq_edmund
D:6:      layout_basic, minitemple, grunt_ministairs_14, serial_bayou_lagoon_b

Skill      XL: |  1  2  3 |
---------------+----------+-----
Short Blades   | 3 4 |  4.3
Dodging        | 3 |  3.9
Stealth        | 7 |  7.6
Fighting       | |  3.2

Action                   |  1- 3 |  4- 6 || total
-------------------------+-------+-------++-------
Melee: Short sword       |    23 |    13 ||    36
 Stab: Sleeping          |     2 |       ||     2
Armor: Leather armour    |     3 |     6 ||     9
Dodge: Dodged            |    17 |    21 ||    38

Table legend: (Time is in decaauts)
 A = Elapsed time spent in this place.
 B = Non-inter-level travel time spent in this place.
 C = Inter-level travel time spent in this place.
 D = Time resting spent in this place.
 E = Time spent auto-exploring this place.
 F = Levels seen in this place.
 G = Mean time per level.
                   A        B        C        D        E       F      G
               +--------+--------+--------+--------+--------+-----+--------+
         Total |    367 |    367 |      0 |    227 |     29 |   2 |  183.5 |
       Dungeon |    367 |    367 |      0 |    227 |     29 |   2 |  183.5 |
               +--------+--------+--------+--------+--------+-----+--------+

Top non-repeatable levels by time:
     D:6: 360 daAuts
     D:5: 7 daAuts
